 Dungeon Crawl Stone Soup version 0.30.1-11-g7821555f0a (webtiles) character file.

Game seed: 12248828792652811203

264284 FakeRyeBread the Slayer (level 19, -35/173 (191) HPs)
             Began as a Minotaur Fighter on Jan 9, 2024.
             Was the Champion of Okawaru.
             Killed by a resonance strike
             ... invoked by Zenata
              (42 damage)
             ... on level 2 of the Vaults on Jan 10, 2024.
             The game lasted 01:29:28 (34068 turns).

FakeRyeBread the Slayer (Minotaur Fighter)         Turns: 34068, Time: 01:29:28

HP:   -35/173 (191) AC: 27    Str: 36    XL:     19   Next: 27%
MP:   23/27         EV: 12    Int:  5    God:    Okawaru [******]
Gold: 1299          SH: 21    Dex:  8    Spells: 18/18 levels left

rFire   + . .        U - +8 mithril axe "Arga" {speed, Will+}
rCold   + . .        x - +0 kite shield "Jobruw" {rElec Str+4}
rNeg    . . .        L - quicksilver dragon scales "Laija" {Rampage Fly rPois rC+ Will+}
rPois   +            D - +2 hat
rElec   +            P - scarf {repulsion}
rCorr   +            O - +0 pair of gloves of Egalitarianism {SInv}
SInv    +            B - +2 pair of boots {rampage}
Will    ++++.        R - amulet of Elitism {Reflect rF+ rCorr Str+5 Dex-4 SH+5}
Stlth   ++           r - ring of willpower
HPRegen 0.48/turn    k - +4 ring of slaying
MPRegen 0.20/turn

%: repel missiles, reflection, rampage
@: heroic, finesse-ful, flying, hasted, drained, very quick
A: horns 2, retaliatory headbutt
}: 2/15 runes: decaying, serpentine
a: Renounce Religion, Heroism, Finesse, Duel


You were on level 2 of the Vaults.
You worshipped Okawaru.
Okawaru was exalted by your worship.
You visited 7 branches of the dungeon, and saw 33 of its levels.
You also visited: Desolation.

You collected 3903 gold pieces.
You spent 2604 gold pieces at shops.

Inventory:

Hand Weapons
 j - a +1 demon trident of flaming
 G - a +1 demon whip of protection
 U - the +8 mithril axe "Arga" (weapon) {speed, Will+}
   (You took it off a centaur warrior on level 13 of the Dungeon)

   Will:      It increases your willpower.
Missiles
 s - 3 silver javelins (quivered)
 E - 10 javelins
Armour
 n - a +2 pair of gloves of dexterity
 x - the +0 kite shield "Jobruw" (worn) {rElec Str+4}
   (Okawaru gifted it to you on level 5 of the Lair of Beasts)

   Str:       It affects your strength (+4).
   rElec:     It insulates you from electricity.
 B - a +2 pair of boots of rampaging (worn)
 D - a +2 hat (worn)
 L - the quicksilver dragon scales "Laija" (worn) {Rampage Fly rPois rC+ Will+}
   (Okawaru gifted it to you on level 14 of the Dungeon)

   rC:        It protects you from cold.
   rPois:     It protects you from poison.
   Fly:       It grants you flight.
   Rampage:   It bestows one free step when moving towards enemies.
   Will:      It increases your willpower.
 O - the +0 pair of gloves of Egalitarianism (worn) {SInv}
   (Okawaru gifted it to you on level 13 of the Dungeon)

   SInv:      It lets you see invisible.
 P - a scarf of repulsion (worn)
Jewellery
 k - a +4 ring of slaying (right hand)
 l - a ring of protection from fire
 m - a ring of positive energy
 r - a ring of willpower (left hand)
 w - the ring of Moral Flaws {Fly rCorr}
   (You found it in the Desolation of Salt)

   [ring of flight]

   Fly:       It grants you flight.
   rCorr:     It protects you from acid and corrosion.
 M - the ring "Tonun" {Fly rC- Dex+8}
   (You found it in the Desolation of Salt)

   [ring of flight]

   Dex:       It affects your dexterity (+8).
   rC:        It makes you vulnerable to cold.
   Fly:       It grants you flight.
 R - the amulet of Elitism (around neck) {Reflect rF+ rCorr Str+5 Dex-4 SH+5}
   (You bought it in a shop on level 2 of the Orcish Mines)

   [amulet of reflection]

   It reflects blocked missile attacks.
   Str:       It affects your strength (+5).
   Dex:       It affects your dexterity (-4).
   rF:        It protects you from fire.
   rCorr:     It protects you from acid and corrosion.
   SH:        It affects your SH (+5).
 W - the ring "Kyerral Lea" {Int+4 Dex+6}
   (You found it in the Desolation of Salt)

   [ring of dexterity]

   Int:       It affects your intelligence (+4).
   Dex:       It affects your dexterity (+6).
 X - the ring of the Traitor {rF- rC++ Dex+3 SInv}
   (You found it in the Desolation of Salt)

   [ring of see invisible]

   Dex:       It affects your dexterity (+3).
   rF:        It makes you vulnerable to fire.
   rC:        It greatly protects you from cold.
   SInv:      It lets you see invisible.
Wands
 a - a wand of digging (31)
 o - a wand of flame (36)
 t - a wand of paralysis (15)
 I - a wand of roots (52)
 K - a wand of quicksilver (7)
 N - a wand of mindburst (28)
Scrolls
 g - 13 scrolls of teleportation
 h - 8 scrolls of poison
 p - 6 scrolls of enchant armour
 y - 3 scrolls of immolation
 C - 6 scrolls of fear
 J - a scroll of blinking
 Q - a scroll of brand weapon
 T - 17 scrolls of identify
 V - 4 scrolls of magic mapping
Potions
 b - 3 potions of flight
 c - 2 potions of resistance
 d - 9 potions of might
 f - 7 potions of lignification
 i - 7 potions of mutation
 q - 3 potions of magic
 u - a potion of haste
 v - 5 potions of ambrosia
 z - 2 potions of cancellation
 F - a potion of berserk rage
 H - 3 potions of brilliance
 Z - 3 potions of invisibility
Miscellaneous
 A - a lightning rod (4/4)


   Skills:
 - Level 22.0(27) Fighting
 - Level 16.0(21.0) Axes
 - Level 10.0(15.0) Throwing
 + Level 19.7(24.7) Armour
 + Level 19.7(24.7) Shields
 + Level 12.6 Invocations


You had 18 spell levels left.
You didn't know any spells.
Your spell library contained the following spells:

 Spells                   Type           Power      Damage    Failure   Level
 Foxfire                  Conj/Fire      0%         2x1d4     54%         1
 Kiss of Death            Conj/Necr      0%         2d5       54%         1
 Shock                    Conj/Air       0%         1d3       54%         1
 Slow                     Hex            0%         N/A       54%         1
 Cigotuvi's Dreadful Rot  Necr/Pois/Air  0%         N/A       67%         2
 Poisonous Vapours        Pois/Air       0%         N/A       67%         2
 Sublimation of Blood     Necr           0%         N/A       67%         2
 Confusing Touch          Hex            0%         N/A       88%         3
 Hailstorm                Conj/Ice       0%         3d3       88%         3
 Inner Flame              Hex/Fire       0%         N/A       88%         3
 Mephitic Cloud           Conj/Pois/Air  0%         N/A       88%         3
 Swiftness                Air            0%         N/A       88%         3
 Vampiric Draining        Necr           0%         2d6       88%         3
 Airstrike                Air            0%         2d(0-16)  99%         4
 Dispel Undead            Necr           0%         3d6       99%         4
 Flame Wave               Conj/Fire      0%         2d4       99%         4
 Ice Form                 Ice/Tmut       0%         N/A       99%         4
 Leda's Liquefaction      Hex/Erth       0%         N/A       99%         4
 Petrify                  Tmut/Erth      0%         N/A       99%         4
 Sticky Flame             Conj/Fire      0%         2d3       99%         4
 Alistair's Intoxication  Tmut/Pois      0%         N/A       100%        5
 Borgnjor's Vile Clutch   Necr/Erth      0%         N/A       100%        5
 Freezing Cloud           Conj/Ice/Air   0%         6-21      100%        5
 Irradiate                Conj/Tmut      0%         3d11      100%        5
 Iskenderun's Battlesphe  Conj           0%         2d6       100%        5
 Lee's Rapid Deconstruct  Erth           0%         3d4*      100%        5
 Conjure Ball Lightning   Conj/Air       0%         3x3d6     100%        6
 Eringya's Noxious Bog    Tmut/Pois      0%         N/A       100%        6
 Statue Form              Tmut/Erth      0%         N/A       100%        6
 Dragon Form              Tmut           0%         N/A       100%        7
 Discord                  Hex            0%         N/A       100%        8
 Disjunction              Tloc           0%         N/A       100%        8
 Ignition                 Fire           0%         3d3       100%        8
 Lehudib's Crystal Spear  Conj/Erth      0%         10d2      100%        8
 Chain Lightning          Conj/Air       0%         N/A       100%        9
 Summon Small Mammal      Summ           Unusable   N/A       N/A         1
 Call Canine Familiar     Summ           Unusable   N/A       N/A         3
 Summon Guardian Golem    Hex/Summ       Unusable   N/A       N/A         3
 Death Channel            Necr           Unusable   N/A       N/A         6
 Simulacrum               Ice/Necr       Unusable   N/A       N/A         6
 Malign Gateway           Summ/Tloc      Unusable   N/A       N/A         7
 Summon Hydra             Summ           Unusable   N/A       N/A         7

Dungeon Overview and Level Annotations

Branches:
Dungeon (15/15)            Temple (1/1) D:5            Lair (5/5) D:9
  Swamp (4/4) Lair:2        Snake (4/4) Lair:3        Slime (0/5) Lair:5
    Orc (2/2) D:9             Elf (0/3) Orc:2        Vaults (2/5) D:14
 Depths (0/4) D:15        Desolation (visited)
  Crypt: Vaults:2-3

Altars:
Ashenzari
Cheibriados
Dithmenos
Elyvilon
Fedhas
Gozag
Hepliaklqana
Kikubaaqudgha
Makhleb
Nemelex Xobeh
Okawaru
Qazlal
Ru
Sif Muna
Trog
Uskayaw
Vehumet
Wu Jian
Xom
Yredelemnul
Zin
The Shining One
Jiyva

Shops:
D:1 *=   D:9 [(   D:10 (   D:15 =*:   Orc:2 !=**

Portals:
Bazaar: Vaults:1
Trove: D:12 (give 8 scrolls of blinking)

Annotations:
Vaults:2 Zenata


Innate Abilities, Weirdness & Mutations

You have a pair of horns on your head.
You reflexively headbutt those who attack you in melee.


Message History

Press: ? - help, Q - select action, (/) - cycle Shift-Dir - straight line, f/p - ironbound preserver
Aim: an ironbound preserver, wielding a +0 morningstar and wearing a +0 ring mail (moderately wounded, 86% to hit)
You throw a silver javelin.
The silver javelin pierces through Zenata!
Zenata is lightly wounded.
The silver javelin pierces through the ironbound preserver!!
The ironbound preserver is severely wounded.
Throw: 5 javelins (silver)
Press: ? - help, Q - select action, (/) - cycle Shift-Dir - straight line, f/p - ironbound preserver
Aim: an ironbound preserver, wielding a +0 morningstar and wearing a +0 ring mail (severely wounded, 86% to hit)
You throw a silver javelin.
The silver javelin pierces through Zenata!!
Zenata is lightly wounded.
The silver javelin pierces through the ironbound preserver!!
The ironbound preserver is almost dead.
You kill the ironbound preserver!
Okawaru accepts your kill. Okawaru grants you throwing weapons!
Something appears at your feet!
Throw: 4 javelins (silver)
Press: ? - help, Q - select action, (/) - cycle Shift-Dir - straight line, f - vault warden
Aim: a vault warden, wielding a +0 long sword and wearing a +0 plate armour (almost dead, 76% to hit)
You throw a silver javelin.
The silver javelin pierces through the vault warden!
The vault warden is almost dead.
Zenata gestures at you while chanting.
A blast of power from the earth strikes you!
* * * LOW HITPOINT WARNING * * *
Electricity crackles from the ironbound thunderhulk's apparatus.
The bolt of lightning hits you! You resist.
* * * LOW HITPOINT WARNING * * *
You feel better.
Electricity crackles from the ironbound thunderhulk's apparatus.
The bolt of lightning hits you. You resist.
* * * LOW HITPOINT WARNING * * *
You block the vault warden's attack.
You feel yourself speed up.
Zenata points at you and mumbles some strange words.
A blast of power from the earth strikes you!
You die...

###### ......... #....+
......... #....##
########........ ......#
#..(..(#..p..... ......##
#......#pa)..... )#''#..#
#.).>..#).# ()..+..#
#......+..# .'..+..#
#ap..O.#.)# .#++#..#
#@.....#..# ......## ###
#+######..# ......# #.#
#.# #.#...+ #....##
##.###.###.##..# #....#
..#...#...#...#..#
#+##'###..#...#...#...#..#
.......#..####.###.####..#
...)...#..####.###.## #..#
...<...#..#.#...#...# #..#


You could see Zenata, a vault warden and an ironbound thunderhulk.

Vanquished Creatures
  Mara (Snake:4)
  Vashnia (Snake:2)
  A tentacled monstrosity (Swamp:4)
  A thorn hunter (Swamp:3)
  Gastronok (D:8)
  13 nagarajas (Snake:4)
  Roxanne (Swamp:3)
  Donald (Snake:2)
  5 fenstrider witches
  An orc warlord (Vaults:1)
  2 ghouls (Swamp:4)
  3 vault wardens (Vaults:1)
  4 ironbound preservers
  2 reapers (Swamp:4)
  A stone giant (D:15)
  3 eleionomae
  5 bunyips
  5 crystal guardians (Desolation)
  2 yaktaur captains (Vaults:1)
  9 ragged hierophants (Desolation)
  2 shambling mangroves (Swamp:4)
  An entropy weaver (shapeshifter) (D:14)
  A fire dragon (Lair:5)
  8 hydras
  10 vault guards
  3 ironbound frosthearts (Vaults:1)
  4 catoblepae
  8 peacekeepers (Desolation)
  3 servants of whispers (Desolation)
  6 centaur warriors
  2 ghost crabs (Swamp:4)
  5 salamander tyrants
  6 ogre magi
  6 anacondas
  8 boulder beetles
  Erica (D:8)
  10 death yaks
  5 alligators
  19 two-headed ogres
  16 naga warriors
  A spriggan berserker (Swamp:4)
  2 tengu warriors (D:15)
  15 naga sharpshooters
  A soul eater (Swamp:4)
  2 sixfirhies (Swamp:4)
  5 skeletal warriors (D:13)
  4 shock serpents
  A skyshark (Lair:2)
  2 goliath frogs
  5 salamander mystics
  Amaemon (D:10)
  2 death drakes (Swamp:4)
  3 swamp dragons
  A bog body (Swamp:1)
  6 deep trolls
  7 spriggan druids
  4 naga ritualists (Snake:4)
  A harpy (Vaults:2)
  3 lindwurms
  6 wizards
  9 ironbound convokers
  Pikel (D:4)
  2 mana vipers
  5 deep elf pyromancers
  2 orc knights
  2 orc sorcerers (Orc:2)
  7 will-o-the-wisps
  A deep elf zephyrmancer (D:13)
  5 manticores
  9 cyclopes
  28 ugly things
  5 elephants (Lair:4)
  11 guardian serpents
  23 black mambas
  15 salamanders
  2 torpor snails
  12 naga magi
  14 slime creatures
  4 vault sentinels
  4 gargoyles
  11 cane toads
  3 orange demons
  Maggie (D:6)
  A kobold demonologist (D:13)
  5 rime drakes
  13 yaktaurs
  2 tengu conjurers
  11 komodo dragons
  15 trolls
  3 tyrant leeches (Swamp:1)
  10 polar bears
  4 hornets
  A dream sheep (Lair:5)
  2 raiju (Lair:5)
  60 saltlings (Desolation)
  Prince Ribbit (D:7)
  2 spriggans
  4 wraiths
  2 shadows
  A centaur simulacrum (D:13)
  3 wyverns
  49 yaks
  A hog (shapeshifter) (D:14)
  A chaos spawn (Swamp:4)
  A vampire (D:9)
  4 steam dragons
  5 basilisks
  14 vampire mosquitoes
  A neqoxec (Swamp:4)
  33 nagas
  14 swamp worms
  11 wargs
  10 water moccasins
  15 hell hounds (Lair:5)
  13 black bears
  3 swamp drakes
  2 ice beasts
  18 orc warriors
  25 ogres
  19 centaurs
  3 boggarts (D:14)
  29 wolves
  A phantom (D:6)
  11 bullfrogs
  2 scorpions (D:7)
  9 wights
  4 killer bees (D:10)
  4 howler monkeys (D:7)
  5 electric eels
  3 jellies (Lair:5)
  8 orc priests
  4 hounds
  2 sleepcaps
  9 iguanas
  2 hell rats (Lair:3)
  14 orc wizards
  A boggart simulacrum (D:13)
  7 gnolls
  4 adders
  8 river rats (Lair:3)
  2 shadow imps (D:7)
  A white imp (D:7)
  An ufetubus (D:4)
  3 worms
  5 dart slugs
  66 orcs
  6 bats
  4 endoplasms
  5 giant cockroaches
  10 goblins
  4 hobgoblins
  6 jackals (D:2)
  3 quokkas
  6 ball pythons
  2 frilled lizards
  6 kobolds
  3 rats
1076 creatures vanquished.

Vanquished Creatures (others)
  An orange demon (Swamp:4)
  20 foxfires
21 creatures vanquished.

Grand Total: 1097 creatures vanquished

Notes
Turn   | Place    | Note
-------+----------+-------------------------------------------
     0 | D:1      | FakeRyeBread the Minotaur Fighter began the quest for the
                  | Orb.
     0 | D:1      | Reached XP level 1. HP: 19/19 MP: 0/0
    72 | D:1      | Found Qotz's Jewellery Boutique.
   178 | D:1      | Reached XP level 2. HP: 22/27 MP: 1/1
   292 | D:1      | Found Huenam Vesaa's Assorted Antiques.
   296 | D:1      | Reached skill level 4 in Fighting
   809 | D:2      | Reached XP level 3. HP: 33/33 MP: 2/2
  1269 | D:2      | Reached XP level 4. HP: 41/41 MP: 3/3
  1270 | D:2      | Found a faded altar of an unknown god.
  1532 | D:3      | Reached skill level 5 in Axes
  1741 | D:3      | Found a broken altar of Ashenzari.
  1955 | D:3      | Found a hazy altar of Hepliaklqana.
  2041 | D:3      | Reached XP level 5. HP: 47/47 MP: 4/4
  2658 | D:4      | Reached skill level 5 in Fighting
  2686 | D:4      | Found a sacrificial altar of Ru.
  2686 | D:4      | Found a glowing golden altar of the Shining One.
  2693 | D:4      | Found a faded altar of an unknown god.
  2695 | D:4      | Found a radiant altar of Vehumet.
  2697 | D:4      | Found a basalt altar of Yredelemnul.
  3050 | D:4      | Found an ancient bone altar of Kikubaaqudgha.
  3095 | D:4      | Noticed a lemure
  3097 | D:4      | Noticed a lemure
  3098 | D:4      | Noticed Pikel
  3098 | D:4      | Noticed a lemure
  3102 | D:4      | Noticed a lemure
  3108 | D:4      | Killed Pikel
  3109 | D:4      | Reached skill level 6 in Fighting
  3109 | D:4      | Reached XP level 6. HP: 41/58 MP: 5/5
  3109 | D:4      | Reached XP level 7. HP: 45/64 MP: 6/6
  3517 | D:5      | Entered Level 5 of the Dungeon
  4101 | D:5      | Reached skill level 7 in Fighting
  4162 | D:5      | Found a staircase to the Ecumenical Temple.
  4174 | Temple   | Entered the Ecumenical Temple
  4205 | Temple   | Became a worshipper of Warmaster Okawaru
  4492 | D:6      | Reached XP level 8. HP: 73/73 MP: 7/7
  4784 | D:6      | Noticed Maggie
  4796 | D:6      | Killed Maggie
  4797 | D:6      | Reached skill level 8 in Fighting
  4797 | D:6      | Reached skill level 10 in Axes
  4802 | D:6      | Reached * piety under Okawaru
  5323 | D:7      | Reached ** piety under Okawaru
  5324 | D:7      | Reached skill level 9 in Fighting
  5324 | D:7      | Reached XP level 9. HP: 81/83 MP: 8/8
  5325 | D:7      | Noticed Prince Ribbit
  5344 | D:7      | Killed Prince Ribbit
  5716 | D:7      | Noticed a troll
  5725 | D:7      | Killed a troll
  5726 | D:7      | Reached skill level 1 in Invocations
  6236 | D:8      | Noticed Erica
  6252 | D:8      | Killed Erica
  6252 | D:8      | Reached *** piety under Okawaru
  6253 | D:8      | Reached skill level 10 in Fighting
  6443 | D:8      | Found a blossoming altar of Fedhas.
  6469 | D:8      | Reached XP level 10. HP: 94/94 MP: 11/11
  6564 | D:8      | Noticed Gastronok
  6582 | D:8      | Reached **** piety under Okawaru
  6597 | D:8      | Killed Gastronok
  6597 | D:8      | Reached ***** piety under Okawaru
  6682 | D:8      | Found a burning altar of Makhleb.
  7516 | D:1      | Bought an amulet of regeneration for 300 gold pieces
  7693 | D:9      | Noticed a two-headed ogre
  7699 | D:9      | Killed a two-headed ogre
  7700 | D:9      | Reached skill level 11 in Fighting
  7719 | D:9      | Noticed a gargoyle
  7729 | D:9      | Killed a gargoyle
  7797 | D:9      | Reached skill level 15 in Axes
  7835 | D:9      | Reached skill level 5 in Invocations
  7916 | D:9      | Found Ockac's Armour Shop.
  7917 | D:9      | Found a staircase to the Orcish Mines.
  7919 | D:9      | Found Ahaehyli's Weapon Shop.
  8198 | D:9      | Noticed a two-headed ogre
  8204 | D:9      | Killed a two-headed ogre
  8205 | D:9      | Reached skill level 1 in Throwing
  8265 | D:9      | Found a snail-covered altar of Cheibriados.
  8272 | D:9      | Found a bloodstained altar of Trog.
  8332 | D:9      | Found a staircase to the Lair.
  8350 | D:9      | Reached XP level 11. HP: 96/104 MP: 13/13
  8394 | D:10     | Entered Level 10 of the Dungeon
  8460 | D:10     | Received a gift from Okawaru
  8464 | D:10     | Noticed a two-headed ogre
  8473 | D:10     | Killed a two-headed ogre
  8473 | D:10     | Reached ****** piety under Okawaru
  8474 | D:10     | Reached skill level 12 in Fighting
  8544 | D:10     | Found Toteyg's Weapon Emporium.
  8625 | D:10     | Noticed Amaemon
  8635 | D:10     | Killed Amaemon
  8642 | D:10     | Received a gift from Okawaru
  9361 | D:11     | Noticed a two-headed ogre
  9372 | D:11     | Killed a two-headed ogre
  9420 | D:11     | Reached skill level 5 in Armour
  9420 | D:11     | Reached skill level 5 in Shields
  9493 | D:11     | Noticed a two-headed ogre
  9498 | D:11     | Killed a two-headed ogre
  9498 | D:11     | Identified the +4 war axe of Hoeptofa {freeze, Fragile
                  | rPois rCorr Str+3} (Okawaru gifted it to you on level 11 of
                  | the Dungeon)
  9498 | D:11     | Received a gift from Okawaru
  9537 | D:11     | Noticed a two-headed ogre
  9542 | D:11     | Killed a two-headed ogre
 10047 | D:12     | Noticed a purple ugly thing
 10058 | D:12     | Killed a purple ugly thing
 10113 | D:12     | Reached skill level 13 in Fighting
 10113 | D:12     | Reached skill level 5 in Throwing
 10275 | D:12     | Noticed a red ugly thing
 10279 | D:12     | Reached XP level 12. HP: 110/115 MP: 14/14
 10327 | D:12     | Noticed a two-headed ogre
 10328 | D:12     | Noticed a boulder beetle
 10340 | D:12     | Killed a two-headed ogre
 10340 | D:12     | Received a gift from Okawaru
 10345 | D:12     | Killed a boulder beetle
 10789 | D:12     | Found a shimmering altar of Xom.
 10915 | D:12     | Found a portal to a secret trove of treasure.
 11327 | D:13     | Noticed a boulder beetle
 11335 | D:13     | Killed a boulder beetle
 11399 | D:13     | Noticed a centaur warrior
 11405 | D:13     | Killed a centaur warrior
 11406 | D:13     | Reached skill level 14 in Fighting
 11681 | D:13     | Noticed a boulder beetle
 11687 | D:13     | Noticed a centaur warrior
 11696 | D:13     | Killed a boulder beetle
 11712 | D:13     | Noticed a boulder beetle
 11713 | D:13     | Identified the +0 pair of gloves of Egalitarianism {SInv}
                  | (Okawaru gifted it to you on level 13 of the Dungeon)
 11713 | D:13     | Received a gift from Okawaru
 11733 | D:13     | Killed a boulder beetle
 11741 | D:13     | Killed a centaur warrior
 11742 | D:13     | Reached XP level 13. HP: 28/125 MP: 15/15
 11754 | D:13     | Reached skill level 10 in Shields
 11758 | D:13     | Reached skill level 10 in Armour
 11760 | D:13     | HP: 2/125 [deep elf zephyrmancer/bolt of lightning (28)]
 11776 | D:13     | Reached skill level 15 in Fighting
 11878 | D:13     | Identified the staff of poison "Xeatat" {rPois Str+3}
 11880 | D:13     | Got Thaumaturgy, Part Seven
 12134 | D:13     | HP: 5/127 [skeletal warrior/+0 flail (12)]
 12138 | D:13     | Received a gift from Okawaru
 12711 | D:1      | Bought a twisted plate armour for 756 gold pieces
 12711 | D:1      | Identified the +1 plate armour of Bula {rF+ rN+} (You
                  | bought it in a shop on level 1 of the Dungeon)
 12948 | Lair:1   | Entered Level 1 of the Lair of Beasts
 13233 | Lair:1   | Reached skill level 16 in Fighting
 13764 | Lair:2   | Received a gift from Okawaru
 13888 | Lair:2   | Found a staircase to the Swamp.
 14123 | Lair:2   | Received a gift from Okawaru
 14386 | Lair:3   | Received a gift from Okawaru
 14387 | Lair:3   | Found a staircase to the Snake Pit.
 14400 | Lair:3   | Reached XP level 14. HP: 132/137 MP: 17/17
 15402 | Lair:4   | Identified the +4 halberd of Dithmenos's Fury {elec, Str+2}
 15889 | Lair:5   | Entered Level 5 of the Lair of Beasts
 16126 | Lair:5   | Received a gift from Okawaru
 16211 | Lair:5   | Found a staircase to the Slime Pits.
 16214 | Lair:5   | Found a viscous altar of Jiyva.
 16275 | Lair:5   | Reached skill level 17 in Fighting
 16403 | Lair:5   | Identified the +0 kite shield "Jobruw" {rElec Str+4}
                  | (Okawaru gifted it to you on level 5 of the Lair of Beasts)
 16403 | Lair:5   | Received a gift from Okawaru
 16833 | Lair:5   | Reached XP level 15. HP: 147/147 MP: 20/20
 18041 | D:14     | Found a gate to the Vaults.
 18061 | D:14     | Identified the quicksilver dragon scales "Laija" {Rampage
                  | Fly rPois rC+ Will+} (Okawaru gifted it to you on level 14
                  | of the Dungeon)
 18061 | D:14     | Received a gift from Okawaru
 18864 | Orc:1    | Entered Level 1 of the Orcish Mines
 19034 | Orc:1    | Found a bloodstained altar of Trog.
 19321 | Orc:2    | Entered Level 2 of the Orcish Mines
 19506 | Orc:2    | Reached skill level 18 in Fighting
 19508 | Orc:2    | Found Cuiwasm's Distillery.
 19562 | Orc:2    | Reached skill level 10 in Invocations
 19644 | Orc:2    | Found Huepp's Jewellery Boutique.
 19647 | Orc:2    | Bought a potion of heal wounds for 55 gold pieces
 19649 | Orc:2    | Found Weing's General Store.
 19650 | Orc:2    | Found Ycinuirr's Assorted Antiques.
 19684 | Orc:2    | Found a staircase to the Elven Halls.
 19704 | Orc:2    | Reached skill level 15 in Shields
 19791 | Orc:2    | Reached skill level 15 in Armour
 19898 | Orc:2    | Found a radiant altar of Vehumet.
 20183 | Orc:2    | Bought the amulet of Elitism {Reflect rF+ rCorr Str+5 Dex-4
                  | SH+5} for 775 gold pieces
 20228 | Orc:2    | Bought a potion of might for 44 gold pieces
 20238 | Orc:2    | Bought a scroll of teleportation for 42 gold pieces
 20238 | Orc:2    | Bought a potion of curing for 42 gold pieces
 20243 | Orc:2    | Bought a scroll of blinking for 202 gold pieces
 20243 | Orc:2    | Bought a potion of curing for 81 gold pieces
 20427 | D:15     | Entered Level 15 of the Dungeon
 20429 | D:15     | Identified the -1 tower shield of Minor Irritation {rF+
                  | rCorr} (Okawaru gifted it to you on level 15 of the
                  | Dungeon)
 20429 | D:15     | Received a gift from Okawaru
 20544 | D:15     | Found Abe Xoco's Jewellery Shoppe.
 20545 | D:15     | Identified the +5 sling "Kerhyrem" {speed, Str+3 Stlth+}
 20559 | D:15     | Found a staircase to the Depths.
 20583 | D:15     | Reached XP level 16. HP: 159/159 MP: 22/22
 20759 | D:15     | Found a shadowy altar of Dithmenos.
 20777 | D:15     | Found Daofav's Book Emporium.
 20846 | D:15     | Found a bloodstained altar of Trog.
 21084 | D:15     | Found Fapoj's Assorted Antiques.
 21397 | Snake:1  | Entered Level 1 of the Snake Pit
 21629 | Snake:1  | Reached skill level 19 in Fighting
 21764 | Snake:1  | Received a gift from Okawaru
 23116 | D:15     | Bought a pair of glowing gloves for 307 gold pieces
 23586 | Snake:2  | Noticed Vashnia
 23608 | Snake:2  | Killed Vashnia
 23909 | Snake:2  | Received a gift from Okawaru
 24339 | Snake:2  | Noticed Donald
 24348 | Snake:2  | Killed Donald
 24465 | Snake:2  | Identified the +0 scale mail of Peek-a-Boo {Harm}
 25050 | Snake:3  | Found a sacrificial altar of Ru.
 25411 | Snake:3  | Identified the +3 scale mail of Zoquefar {-Tele Fly rCorr
                  | Str+2}
 25863 | Snake:4  | Entered Level 4 of the Snake Pit
 25863 | Snake:4  | Noticed Mara
 25866 | Snake:4  | Noticed FakeRyeBread's illusion
 25874 | Snake:4  | Killed Mara
 26165 | Snake:4  | Reached XP level 17. HP: 127/170 MP: 23/23
 26323 | Snake:4  | Identified the +0 kite shield "Iliogoxt" {Dex+4} (Okawaru
                  | gifted it to you on level 4 of the Snake Pit)
 26323 | Snake:4  | Received a gift from Okawaru
 26358 | Snake:4  | Reached skill level 20 in Fighting
 27089 | Snake:4  | Got a serpentine rune of Zot
 27388 | Snake:4  | Identified the +3 falchion of the Onslaught {holy, Fragile
                  | rN++ Int+6} (Okawaru gifted it to you on level 4 of the
                  | Snake Pit)
 27388 | Snake:4  | Received a gift from Okawaru
 27788 | Swamp:1  | Entered Level 1 of the Swamp
 28604 | Swamp:2  | Reached skill level 10 in Throwing
 28882 | Swamp:3  | Noticed Roxanne
 29068 | Swamp:3  | Killed Roxanne
 29068 | Swamp:3  | Received a gift from Okawaru
 29423 | Swamp:4  | Entered Level 4 of the Swamp
 29612 | Swamp:4  | Reached XP level 18. HP: 180/180 MP: 24/24
 30044 | Swamp:4  | Received a gift from Okawaru
 30075 | Swamp:4  | Reached skill level 21 in Fighting
 30367 | Swamp:4  | Noticed a tentacled monstrosity
 30386 | Swamp:4  | Killed a tentacled monstrosity
 30511 | Swamp:4  | Received a gift from Okawaru
 30795 | Swamp:4  | Got a decaying rune of Zot
 31465 | Vaults:1 | Entered Level 1 of the Vaults
 31502 | Vaults:1 | Found a crumbling gateway.
 31507 | Desolati | Entered the Desolation of Salt
 31920 | Desolati | Identified the ring of Moral Flaws {Fly rCorr}
 31924 | Desolati | Identified the +1 scale mail of Follow the Leader {rElec
                  | Str-5 Int+4}
 31928 | Desolati | Identified the +12 arbalest "Veserr" {penet, rElec rN+++
                  | Str-4 SInv}
 31986 | Desolati | Identified the +5 chain mail "Wiumisom" {Dex+5}
 32148 | Desolati | Identified the +1 battleaxe of Wyrd {speed, rPois rCorr
                  | Int-5}
 32149 | Desolati | Identified the ring "Tonun" {Fly rC- Dex+8}
 32260 | Desolati | Identified the staff of air "Ybilie" {rElec rPois Str+8}
 32264 | Desolati | Got the Parchment of the Violent Bonfire
 32267 | Desolati | Got the Compendium of the Thirsty Visionaries
 32530 | Desolati | Identified the ring "Kyerral Lea" {Int+4 Dex+6}
 32533 | Desolati | Identified the ring of the Traitor {rF- rC++ Dex+3 SInv}
 32881 | Vaults:1 | Found a gateway to a bazaar.
 32927 | Vaults:1 | Received a gift from Okawaru
 33058 | Vaults:1 | Received a gift from Okawaru
 33059 | Vaults:1 | Reached XP level 19. HP: 164/191 MP: 27/27
 33587 | Vaults:1 | Reached skill level 22 in Fighting
 33907 | Vaults:2 | Received a gift from Okawaru
 34008 | Vaults:2 | Noticed Zenata
 34065 | Vaults:2 | Received a gift from Okawaru
 34066 | Vaults:2 | HP: 5/173 [ironbound thunderhulk/bolt of lightning (13)]
 34068 | Vaults:2 | Killed from afar by Zenata

Illustrated notes

Levels and vault maps discovered:
D:1:      elethiomel_arrival_shortcut, layout_loops_ring, serial_shops, shop,
          nicolae_shop_gaudy_bauble, hangedman_decor_clover_reticule
D:2:      layout_loops_ring, shapermc_ecumenical_altar_hornbeckon
D:3:      layout_loops_corners, cheibrodos_ashenzari_chains,
          worldfamousw_hep_ancestral_shrine, minivault_5
D:4:      layout_basic, nicolae_kikubaaqudgha_miasma_corner,
          chequers_temple_overflow_minitemple, dreamdust_princess_corridor,
          abandoned_shop, uniq_pikel
D:5:      layout_loops_corners, minmay_temple_entry_glassed_door
D:6:      layout_basic, nicolae_figureground_sparkle, uniq_maggie
D:7:      layout_basic, uniq_prince_ribbit1
D:8:      cheibrodos_helix_gallery, layout_loops_ring,
          mainiacjoe_overflow_six_doors_small, old_standard_altar, uniq_erica,
          uniq_gastronok
D:9:      layout_rooms, amethyst_overflow_temple_binary, david_lair_shrubbed,
          orc_david_3, grunt_ministairs_4
D:10:     layout_irregular_city, serial_shops, shop, nicolae_eternal_life,
          uniq_amaemon
D:11:     layout_irregular_city, serial_park_tiny_pond
D:12:     kennysheep_spiral_hall, layout_stronghold, enter_trove_0,
          nrook_mini_backslash, brannock_xom_greatest_gift
D:13:     layout_roguey, minmay_the_grid_square_5x5_3x3_mashed
          [minmay_the_grid_square_5x5_forky,
          minmay_the_grid_square_5x5_two_small,
          minmay_the_grid_square_5x5_doubleslash,
          minmay_the_grid_square_5x5_half_checkered,
          minmay_the_grid_square_5x5_megaprize_checkered,
          minmay_the_grid_square_5x5_three, minmay_the_grid_square_5x5_mess,
          minmay_the_grid_square_5x5_hourglass,
          minmay_the_grid_square_5x5_moneybag]
D:14:     layout_basic, erik_vaults_2
D:15:     hangedman_depths_entry_civil_slaughter, layout_rooms, serial_shops,
          nicolae_shop_waterfront, nicolae_shop_trees, nicolae_square_shop,
          grunt_dithmenos_smoke_and_mirrors, hangedman_decor_opposing,
          hangedman_decor_push, grunt_ministairs_7, trog_three_pillars_becter
Temple:   chequers_temple_sunken
Lair:1:   layout_long_grid, nicolae_lair_lindhole
Lair:2:   layout_hall_layers, minmay_swamp_entry_eels, lemuel_fruit_tree
Lair:3:   layout_misc_corridors, minmay_snake_entry_guardpost_small,
          kennysheep_rathole
Lair:4:   layout_layer_cave, infiniplex_staircase_pool
Lair:5:   guppyfry_lair_end_dragon, layout_layer_cave,
          hangedman_lair_caniforms_friends, minmay_slime_entry_pillars
Swamp:1:  layout_falls_marsh, evilmike_swamp_ruin_house_2
Swamp:2:  layout_falls_marsh, nicolae_swamp_fairy_circle
Swamp:3:  layout_falls_marsh, evilmike_swamp_ruin_house_3, uniq_roxanne
Swamp:4:  nzn_swamp_witches_coven, layout_basic_swamp, swamp_pool1
Snake:1:  layout_chambers, nicolae_snake_coiling_death
Snake:2:  layout_honeycomb, uniq_donald, uniq_vashnia
Snake:3:  layout_chambers, basic_altar, drop_trap
Snake:4:  grunt_snake_rune_spirals, layout_onion_interference, uniq_mara
Orc:1:    layout_caves, basic_altar, statue_in_the_mist_lemuel
Orc:2:    st_orc_open, layout_caves, basic_altar, nooodl_orcs_dogs
Vaults:1: portal_desolation_entry_ruin, nicolae_vaults_frosty_reception,
          nicolae_vaults_tetromino_T_1, hangedman_vaults_stitches,
          hangedman_vaults_corner_blocks, ontoclasm_vaults_pinch,
          ontoclasm_vaults_ring_small, vaults_mumra_minichess,
          grunt_vaults_focal, layout_vaults_maze_snakey, serial_shops,
          statue_bzr
Vaults:2: nicolae_vaults_sesquioval_fish, vaults_mumra_chevron,
          hangedman_vaults_cutoff, vaults_dpeg_hooks,
          nicolae_vaults_shrinking_rooms_1, nicolae_vaults_sightless_eye,
          nicolae_vaults_spaceships, vaults_mumra_lcd,
          nicolae_vaults_whirlpool_walls, layout_vaults_big_room, uniq_zenata

Skill      XL: |  1  2  3  4  5  6  7  8  9 10 11 12 13 14 15 16 17 18 19 |
---------------+----------------------------------------------------------+-----
Axes           | 3 4 5 8 9 11 13 15 16 | 16.0
Fighting       | 4 6 7 9 10 11 13 14 16 17 18 19 20 21 22 | 22.0
Invocations    | 3 5 6 8 10 12 | 12.6
Throwing       | 1 5 8 10 | 10.0
Armour         | 6 9 12 13 15 16 18 19 | 19.7
Shields        | 6 9 12 13 15 16 18 19 | 19.7

Action                     |  1- 3 |  4- 6 |  7- 9 | 10-12 | 13-15 | 16-18 | 19-21 || total
---------------------------+-------+-------+-------+-------+-------+-------+-------++-------
  Melee: War axe           |    92 |    69 |   146 |   351 |    16 |       |       ||   674
         Headbutt          |    13 |     9 |    31 |    93 |   228 |   313 |    39 ||   726
         Whip              |       |       |    21 |       |    27 |       |       ||    48
         Broad axe         |       |       |       |       |   893 |  1153 |   117 ||  2163
         Demon whip        |       |       |       |       |       |     6 |       ||     6
         Demon trident     |       |       |       |       |       |     3 |       ||     3
  Throw: Javelin           |       |       |       |     3 |    15 |     7 |     4 ||    29
 Invoke: Heroism           |       |       |       |     3 |     4 |     5 |     1 ||    13
         Finesse           |       |       |       |       |     2 |     5 |     1 ||     8
    Use: Scroll            |       |    10 |     4 |    11 |     5 |     9 |     3 ||    42
         Potion            |       |       |     2 |     4 |    10 |     3 |    12 ||    31
   Stab: Petrified         |       |       |       |       |     3 |       |       ||     3
         Confused          |       |       |       |       |     1 |       |       ||     1
         Petrifying        |       |       |       |       |       |     1 |       ||     1
 Armour: Scale mail        |    26 |       |       |       |       |       |       ||    26
         Chain mail        |    16 |    44 |    84 |   148 |    22 |       |       ||   314
         Plate armour      |       |       |       |       |   319 |       |       ||   319
         Quicksilver drago |       |       |       |       |    19 |   245 |    37 ||   301
  Dodge: Dodged            |    41 |    25 |    50 |   103 |   175 |   168 |    19 ||   581
         Repelled          |       |       |       |       |     5 |    31 |     1 ||    37
  Block: Buckler           |    17 |    13 |    32 |    68 |   109 |       |       ||   239
         Kite shield       |       |       |       |       |   185 |   595 |    83 ||   863
         Reflection        |       |       |       |       |     4 |    70 |    18 ||    92
